 Dungeon Crawl Stone Soup version 0.31.0-12-g77e489cdc1 (webtiles) character file.

Game seed: 17426555352703244584

154 Curundu the Chopper (level 5, -5/72 HPs)
             Began as a Minotaur Berserker on Feb 21, 2024.
             Was a Priest of Trog.
             Slain by an orc
             ... wielding a +1 flail of protection
              (8 damage)
             ... on level 4 of the Dungeon.
             The game lasted 00:07:50 (2856 turns).

Curundu the Chopper (Minotaur Berserker)            Turns: 2856, Time: 00:07:50

Health: -5/72      AC:  2    Str: 24    XL:     5   Next: 13%
Magic:  4/4        EV: 12    Int:  4    God:    Trog [***...]
Gold:   209        SH:  0    Dex:  9    Spells: 4/4 levels left

rFire   . . .        a - +0 hand axe
rCold   . . .        (no shield)
rNeg    . . .        b - +0 animal skin
rPois   .            (helmet restricted)
rElec   .            (no cloak)
rCorr   .            (no gloves)
SInv    .            (no boots)
Will    .....        (no amulet) Stlth
                     (no ring)
HPRegen 0.32/turn    (no ring)
MPRegen 0.09/turn

%: no passive effects
@: berserking, very quick
A: horns 2, retaliatory headbutt
a: Renounce Religion, Berserk, Trog's Hand


You were on level 4 of the Dungeon.
You worshipped Trog.
Trog was most pleased with you.
You visited 1 branch of the dungeon, and saw 4 of its levels.

You collected 209 gold pieces.

Inventory:

Hand Weapons
 a - a +0 hand axe (weapon)
Armour
 b - a +0 animal skin (worn)
Jewellery
 m - a ring of positive energy
 n - a +6 ring of intelligence
Scrolls
 c - a scroll of fog {unknown}
 d - 3 scrolls of amnesia {unknown}
 h - a scroll of poison {unknown}
 i - 8 scrolls of identify {unknown}
 k - a scroll of teleportation {unknown}
 q - a scroll of noise {unknown}
Potions
 e - a potion of degeneration {unknown}
 f - a potion of mutation {unknown}
 g - a potion of resistance {unknown}
 j - 2 potions of heal wounds {unknown}
 l - 2 potions of curing {unknown}
 o - a potion of might {unknown}
 p - a potion of cancellation {unknown}


   Skills:
 + Level 5.0 Fighting
 + Level 5.2 Axes
 + Level 2.9 Armour
 + Level 3.0 Dodging
 + Level 0.5 Stealth


You had 4 spell levels left.
You didn't know any spells.
Your spell library was empty.

Dungeon Overview and Level Annotations

Branches:
Dungeon (4/15)
 Temple: D:4-7

Altars:
Ru

Shops:
D:2 [


Innate Abilities, Weirdness & Mutations

You have a pair of horns on your head.
You reflexively headbutt those who attack you in melee.


Message History

The orc hits you with a +1 flail of protection!
You hit the orc.
The orc is lightly wounded.
You hit the orc. You hit the ball python. The ball python bites you.
The ball python constricts you. The orc hits you with a +0 hand axe.
The orc closely misses you.
You hit the orc. Your headbutt misses the orc.
The orc is heavily wounded.
You barely miss the orc. You slash the ball python!
You kill the ball python!
Trog accepts your kill. The orc hits you with a +0 hand axe.
The orc barely misses you.
You slash the orc!
You kill the orc!
Trog accepts your kill.
You barely miss the orc.
The orc hits you with a +1 flail of protection!
* * * LOW HITPOINT WARNING * * *
Unknown command.
The orc closely misses you.
Things that are here:
a +0 hand axe; a +0 leather armour; an orc corpse You barely miss the orc.
The orc is heavily wounded.
The orc misses you. You furiously retaliate!
You headbutt the orc, but do no damage. You barely miss the orc.
The orc is heavily wounded.
The orc closely misses you.
You hit the orc but do no damage.
The orc is heavily wounded.
The orc hits you with a +1 flail of protection.
* * * LOW HITPOINT WARNING * * *
A dart slug comes into view.
The orc hits you with a +1 flail of protection.
* * * LOW HITPOINT WARNING * * *
A red film seems to cover your vision as you go berserk!
You feel yourself moving faster!
You feel mighty!
The orc hits you with a +1 flail of protection!
You die...

.. #.....#...
.#.#...#
.###.....##..
...w...#
..###.#..... #.#...#
#.# #.####..
.....#####.###.# #..
#.............# ###
#........##..# ##
#.o†.....##..# #.
#.@.)....##..# ###.
#..#########..###..)
....# #........
##### #...##...
##.###... #.# #...
### #... #... #...


You could see a dart slug and an orc.

Vanquished Creatures
  Robin (D:3)
  4 gnolls (D:3)
  An adder (D:2)
  3 dart slugs (D:1)
  A ribbon worm (D:3)
  2 orcs
  6 ball pythons
  9 endoplasms
  5 giant cockroaches
  8 hobgoblins
  3 jackals (D:2)
  6 kobolds
  4 quokkas
  5 bats
  4 frilled lizards
  14 goblins
  A rat (D:2)
77 creatures vanquished.

Notes
Turn   | Place    | Note
-------+----------+-------------------------------------------
     0 | D:1      | Curundu the Minotaur Berserker began the quest for the Orb.
     0 | D:1      | Reached XP level 1. HP: 19/19 MP: 0/0
   176 | D:1      | Reached XP level 2. HP: 19/27 MP: 1/1
   518 | D:1      | Found a faded altar of an unknown god.
   523 | D:1      | Reached ** piety under Trog
   526 | D:1      | Reached XP level 3. HP: 28/33 MP: 2/2
  1433 | D:2      | Found Lobapt's Armour Boutique.
  1660 | D:2      | Reached XP level 4. HP: 39/40 MP: 3/3
  2087 | D:3      | Found a sacrificial altar of Ru.
  2091 | D:3      | Reached skill level 5 in Axes
  2181 | D:3      | Reached skill level 5 in Fighting
  2185 | D:3      | Reached *** piety under Trog
  2488 | D:3      | Noticed Robin
  2502 | D:3      | Killed Robin
  2503 | D:3      | Reached XP level 5. HP: 37/48 MP: 4/4
  2855 | D:4      | HP: 2/48 [orc/+1 flail of protection (6)]
  2856 | D:4      | Slain by an orc

Illustrated notes

Levels and vault maps discovered:
D:1:      dpeg_arrival_short_road, layout_loops_corners,
          hellmonk_ecumenical_altar_pennies_from_heaven
D:2:      layout_basic, serial_shops, nicolae_shop_just_a_little_nook,
          dk_noncrumbling_4
D:3:      layout_loops_ring, nicolae_ru_awakened_eye, uniq_robin
D:4:      layout_basic, minmay_temple_entry_hall, st_stairs_12,
          hangedman_glass_teeth

Skill      XL: |  1  2  3  4 |
---------------+-------------+-----
Fighting       | 4 5 |  5.0
Axes           | 4 5 |  5.2
Dodging        | 3 |  3.0
Armour         | |  2.9
Stealth        | |  0.5

Action                     |  1- 3 |  4- 6 || total
---------------------------+-------+-------++-------
  Melee: Hand axe          |    82 |    54 ||   136
         Headbutt          |    11 |    11 ||    22
         Punch             |       |     2 ||     2
 Invoke: Berserk           |       |     1 ||     1
 Armour: Animal skin       |    50 |    40 ||    90
  Dodge: Dodged            |    67 |    33 ||   100
